 Dungeon Crawl Stone Soup version 0.19.4-8-ga85b6b9 (webtiles) character file.

77 Gargoyl the Skirmisher (level 4, -1/38 (40) HPs)
             Began as a Ghoul Abyssal Knight on Feb 7, 2017.
             Was a Believer of Lugonu.
             Slain by a sky beast (2 damage)
             ... on level 4 of the Dungeon.
             The game lasted 00:04:37 (2252 turns).

Gargoyl the Skirmisher (Ghoul Abyssal Knight)       Turns: 2252, Time: 00:04:37

HP:   -1/38 (40)    AC:  3    Str: 17 (20) XL:     4   Next: 33%
MP:   5/5           EV:  8    Int:  6 (7)  God:    Lugonu [**....]
Gold: 136           SH:  7    Dex:  8 (9)  Spells: 0 memorised, 3 levels left

rFire  . . .     SeeInvis .     a - +1 hand axe
rCold  + . .     Gourm    .     b - +0 leather armour
rNeg   + + +     Faith    .     d - +1 shield
rPois  ∞         Spirit   .     (no helmet)
rElec  .         Reflect  .     (no cloak)
rCorr  .         Harm     .     (no gloves)
MR     .....                    (no boots)
Stlth  +.........               (no amulet)
                                (no ring)
                                (no ring)

@: mighty, very slightly contaminated, rotting, hasted, very quick
A: rotting body, claws 1, carnivore 3, cold resistance 1, negative energy
resistance 3, slow regeneration 1, torment resistance, unbreathing
a: Depart the Abyss, Bend Space, Renounce Religion


You were on level 4 of the Dungeon.
You worshipped Lugonu.
Lugonu was pleased with you.
You were not hungry.

You visited 1 branch of the dungeon, and saw 4 of its levels.
You visited the Abyss 1 time.

You collected 136 gold pieces.

Inventory:

Hand Weapons
 a - a +1 hand axe (weapon)
 o - a +0 blowgun
 p - a +3 whip
Missiles
 l - 3 tomahawks (quivered)
 q - 17 poisoned needles
Armour
 b - a +0 leather armour (worn)
 d - a +1 shield (worn)
Scrolls
 g - a scroll of blinking
 m - a scroll of enchant armour
 n - a scroll of identify
Potions
 e - a potion of might
 h - a potion of degeneration
 i - a potion of magic
Comestibles
 c - 3 meat rations
 k - 2 beef jerkies


   Skills:
 + Level 3.7 Fighting
 + Level 2.5 Axes
 * Level 2.5 Armour
 + Level 1.2 Dodging
 * Level 2.7 Invocations


You had 3 spell levels left.
You didn't know any spells.

Dungeon Overview and Level Annotations

Branches:
Dungeon (4/15)
 Temple: D:4-7

Altars:


Innate Abilities, Weirdness & Mutations

Your body is rotting away.
You thrive on raw meat.
You are immune to poison.
You have sharp fingernails.
You are carnivorous and can eat meat at any time.
Your flesh is cold resistant. (rC+)
You are immune to negative energy. (rN+++)
You regenerate slowly when monsters are visible.
You are immune to unholy pain and torment.
You can survive without breathing.


Message History

You closely miss something. Something hits you but does no damage.
It was a potion of magic.
Magic courses through your body. Something hits you but does no damage.
It was a potion of degeneration.
There was something very wrong with that liquid.
You feel weakened.
You feel dopey.
You feel clumsy. Something hits you but does no damage.
It was a potion of might.
You feel very mighty all of a sudden. Something hits you.
* * * LOW HITPOINT WARNING * * *
Something shocks you.
* * * LOW HITPOINT WARNING * * *
It was a potion of haste.
You feel yourself speed up. Something hits you but does no damage.
You are very lightly contaminated with residual magic.
You hit something but do no damage. You block something's attack.
You barely miss something. Something completely misses you.
You barely miss something. Something hits you.
You die...

##........##.#
......(...#.#
............
#...........
#############...........
#..........# ...).......
#..........####.........
#...........@{l.........
###############.......#.
###...#..# ##..... #.##
.(# ... ..


You could see an iguana.

Vanquished Creatures
  2 adders (D:2)
  An ooze (D:2)
  2 worms (D:2)
  3 leopard geckos
  A ball python (D:2)
  5 bats
  5 giant cockroaches
  4 goblins
  5 hobgoblins
  A quokka (D:2)
  6 frilled lizards
  4 kobolds
  5 rats
44 creatures vanquished.

Notes
Turn   | Place    | Note
-------+----------+-------------------------------------------
     0 | Abyss:1  | Gargoyl the Ghoul Abyssal Knight began the quest for the Orb.
     0 | Abyss:1  | Reached XP level 1. HP: 19/19 MP: 1/1
    30 | Abyss:1  | Noticed a sky beast
    43 | Abyss:1  | Noticed a tentacled starspawn
    45 | Abyss:1  | Noticed a wretched star
    48 | D:1      | Escaped the Abyss
   317 | D:1      | Reached * piety under Lugonu
   372 | D:1      | Reached skill level 1 in Dodging
   385 | D:1      | Reached XP level 2. HP: 16/26 MP: 2/2
   926 | D:2      | Reached XP level 3. HP: 26/33 MP: 2/4
  1711 | D:2      | Reached XP level 4. HP: 17/40 MP: 5/5
  2055 | D:3      | Reached ** piety under Lugonu
  2233 | D:4      | Noticed a sky beast
  2248 | D:4      | HP: 1/38 [something (5)]
  2252 | D:4      | Slain by a sky beast

Skill      XL: |  1  2 |
---------------+-------+-----
Dodging        | 1 |  1.2
Armour         | 2 |  2.5
Axes           | 2 |  2.5
Fighting       | |  3.7
Invocations    | |  2.7

Action                   |  1- 3 |  4- 6 || total
-------------------------+-------+-------++-------
Melee: Hand axe          |   145 |    32 ||   177
Invok: Depart the Abyss  |     1 |       ||     1
  Use: Scroll            |     5 |       ||     5
       Potion            |       |     4 ||     4
  Eat: Chunk             |    15 |    11 ||    26
Armor: Leather armour    |    47 |     8 ||    55
Dodge: Dodged            |    56 |    20 ||    76
Block: Shield            |    70 |    14 ||    84
